 Dungeon Crawl Stone Soup version 0.32-a0-450-g080537f31e (webtiles) character file.

Game seed: 937378614689929445

6 Goblin1989 the Sneak (level 1, 0/18 HPs)
             Began as a Demonspawn Delver on Feb 23, 2024.
             Slain by an orc
             ... wielding a +0 club
              (4 damage)
             ... on level 5 of the Dungeon.
             The game lasted 00:00:58 (85 turns).

Goblin1989 the Sneak (Demonspawn Delver)              Turns: 85, Time: 00:00:59

Health: 0/18       AC:  3    Str: 12    XL:     1   Next: 75%
Magic:  1/1        EV: 11    Int: 10    God:
Gold:   0          SH:  0    Dex: 14    Spells: 0/0 levels left

rFire   . . .        a - +0 short sword
rCold   . . .        (no shield)
rNeg    . . .        b - +0 leather armour
rPois   .            (no helmet)
rElec   .            (no cloak)
rCorr   .            (no gloves)
SInv    +            (no boots)
Will    .....        (no amulet)
Stlth   +++          (no ring)
HPRegen 0.23/turn    (no ring)
MPRegen 0.07/turn

%: no passive effects
@: no status effects
A: no striking features
a: no special abilities


You were on level 5 of the Dungeon.
You visited 1 branch of the dungeon, and saw 1 of its levels.

Inventory:

Hand Weapons
 a - a +0 short sword (weapon)
Armour
 b - a +0 leather armour (worn)
Wands
 g - a wand of digging (3) {@v3}
Scrolls
 c - a scroll of fog
 e - a scroll of fear
Potions
 f - a potion of haste {@q3,}


   Skills:
 - Level 3.0 Fighting
 + Level 2.1 Short Blades
 - Level 1.7 Dodging
 + Level 4.7 Stealth


You couldn't memorise any spells.
You didn't know any spells.
Your spell library was empty.

Dungeon Overview and Level Annotations

Branches:
Dungeon (5/15) Zot: 5918
 Temple: D:4-7

Altars:


Message History

The orc shouts!
You hear a shout!
The orc hits you with a +0 dagger.
You take 2 damage, and have 16/18 hp.
You closely miss the orc.
The orc is moderately wounded.
The orc hits you but does no damage.
You closely miss the orc.
The orc is moderately wounded.
The orc hits you but does no damage.
You closely miss the orc.
The orc is moderately wounded.
The orc hits you but does no damage.
You closely miss the orc.
The orc is moderately wounded.
The orc closely misses you.
You hit the orc.
You kill the orc!
Your Short Blades skill increases to level 2!
The orc closely misses you.
Items here: )) [[ †.
Health restored: 18 You hit the orc.
The orc is lightly wounded.
The orc hits you with a +0 dagger.
You take 1 damage, and have 17/18 hp.
You hit the orc but do no damage. The orc hits you but does no damage.
You hit the orc but do no damage. The orc hits you with a +0 dagger.
An orc wizard comes into view. It is wielding a +0 dagger.
You take 2 damage, and have 15/18 hp.
You completely miss the orc. The orc hits you with a +0 dagger.
You take 2 damage, and have 13/18 hp.
You barely miss the orc. The orc barely misses you.
You hit the orc but do no damage. The orc closely misses you.
You hit the orc.
The orc is heavily wounded.
The orc hits you with a +0 dagger.
You take 2 damage, and have 12/18 hp.
You hit the orc but do no damage.
The orc is heavily wounded.
The orc hits you but does no damage.
The orc wizard gestures wildly while chanting.
The orc wizard flickers and vanishes!
Deactivating autopickup; reactivate with Ctrl-A.
You barely miss the orc.
The orc is heavily wounded.
The orc hits you but does no damage.
You barely miss the orc.
The orc is heavily wounded.
You hit the orc.
The orc is heavily wounded.
The orc barely misses you.
You hit the orc but do no damage.
The orc is heavily wounded.
The orc hits you with a +0 dagger.
You take 3 damage, and have 10/18 hp.
You hit the orc.
The orc is almost dead.
The orc hits you with a +0 dagger.
You take 1 damage, and have 9/18 hp.
You closely miss the orc.
The orc is almost dead.
The orc barely misses you.
You barely miss the orc.
The orc is almost dead.
The orc hits you but does no damage.
You hit the orc but do no damage.
The orc is severely wounded.
The orc hits you with a +0 dagger.
You take 1 damage, and have 9/18 hp.
You hit the orc but do no damage.
The orc is severely wounded.
The orc closely misses you.
You hit the orc but do no damage.
The orc is severely wounded.
The orc hits you with a +0 dagger.
* * * LOW HITPOINT WARNING * * *
You take 3 damage, and have 7/18 hp.
You closely miss the orc.
The orc is severely wounded.
You hit the orc.
You kill the orc!
The orc completely misses you.
Things that are here:
a +0 dagger; a +0 leather armour Unknown command.
You completely miss the orc. The orc closely misses you.
You hit the orc but do no damage. The orc barely misses you.
You hit the orc but do no damage. The orc hits you with a +0 club.
* * * LOW HITPOINT WARNING * * *
You take 2 damage, and have 6/18 hp.
You barely miss the orc. The orc barely misses you.
You barely miss the orc. The orc hits you but does no damage.
You completely miss the orc. The orc barely misses you.
You hit the orc but do no damage. The orc barely misses you.
You hit the orc but do no damage. The orc hits you with a +0 club.
* * * LOW HITPOINT WARNING * * *
You take 3 damage, and have 4/18 hp.
As you read the scroll of revelation, it crumbles to dust.
You feel aware of your surroundings. The orc hits you with a +0 club.
You die...

▓·▓ ▓···▓▓▓▓▓▓▓
▓·▓▓▓██████████████.·▓▓
▓····██████████████.·▓
▓▓▓▓▓▓▓▓·██████████████.·▓
···▓▓▓▓▓·██████████████.·▓
▓▓·▓▓····........██████.·▓▓▓▓▓▓▓
▓·▓▓·▓▓·███████.██████.·······▓
▓▓·▓█$█▓·███████.███████·▓▓▓▓▓·▓
▓···.J.··███████@███████·▓ ▓·▓
▓··▓█.█▓▓███████o███████·▓ ▓·▓
▓··██.█▓▓███████o███████·▓ ▓·▓
▓···...··..^..........██·████▓·▓▓
▓·▓▓█.█▓▓██..███....|.██.....·▓·▓
▓·▓ █.█████..██...........█▓▓▓···
█·▓██...███..██.......███.█ ▓·▓▓
█.██.....██..██...........█ ▓···
█............██.>███████o.█▓▓▓·▓▓


You could see an orc wizard (invisible) and an orc.

Vanquished Creatures
  3 orcs (D:5)
3 creatures vanquished.

Notes
Turn   | Place    | Note
-------+----------+-------------------------------------------
     0 | D:5      | Goblin1989 the Demonspawn Delver began the quest for the
                  | Orb.
     0 | D:5      | Reached XP level 1. HP: 18/18 MP: 1/1
     2 | D:5      | Noticed a jelly
    56 | D:5      | Noticed an orc wizard
    85 | D:5      | Slain by an orc

Illustrated notes

Levels and vault maps discovered:
D:5:      layout_loops_ring, nrook_mini_vaults, uniq_grinder,
          uniq_crazy_yiuf_cottage, uniq_eustachio

Skill      XL: |  1 |
---------------+----+-----
Short Blades   | 2 |  2.1
Fighting       | |  3.0
Dodging        | |  1.7
Stealth        | |  4.7

Action                     || total
---------------------------++-------
  Melee: Short sword       ||    44
    Use: Scroll            ||     1
 Armour: Leather armour    ||    23
  Dodge: Dodged            ||    18

Table legend: (Time is in decaauts)
 A = Elapsed time spent in this place.
 B = Non-inter-level travel time spent in this place.
 C = Inter-level travel time spent in this place.
 D = Time resting spent in this place.
 E = Time spent auto-exploring this place.
 F = Levels seen in this place.
 G = Mean time per level.
                   A        B        C        D        E       F      G
               +--------+--------+--------+--------+--------+-----+--------+
         Total |     81 |     81 |      0 |      0 |      0 |   1 |   81.0 |
       Dungeon |     81 |     81 |      0 |      0 |      0 |   1 |   81.0 |
               +--------+--------+--------+--------+--------+-----+--------+

Top non-repeatable levels by time:
     D:5: 81 daAuts
